 Dungeon Crawl Stone Soup version 0.26-a0-346-g33516b1736 (webtiles) character file.

Game seed: 13536903252370518425

18 MrRokkomies the Ducker (level 2, 0/13 HPs)
             Began as a Spriggan Venom Mage on July 17, 2020.
             Shot with a stone by a goblin (7 damage)
             ... on level 2 of the Dungeon.
             The game lasted 00:03:03 (924 turns).

MrRokkomies the Ducker (Spriggan Venom Mage)         Turns: 924, Time: 00:03:03

Health: 0/13       AC:  2    Str:  4    XL:     2   Next: 51%
Magic:  5/6        EV: 18    Int: 16    God:
Gold:   51         SH:  0    Dex: 16    Spells: 5/6 levels left

rFire    . . .     SeeInvis +   g - +0 dagger
rCold    . . .     Faith    .   (shield restricted)
rNeg     . . .     Spirit   .   a - +0 robe
rPois    .         Reflect  .   (helmet restricted)
rElec    .         Harm     .   (no cloak)
rCorr    .                      (gloves unavailable)
MR       .....                  (boots unavailable)
Stlth    ++........             (no amulet)
HPRegen  0.04/turn              (no ring)
MPRegen  0.10/turn              (no ring)

@: very quick
A: very small, unfitting armour, see invisible, speed 3
a: no special abilities


You were on level 2 of the Dungeon.
You visited 1 branch of the dungeon, and saw 2 of its levels.

You collected 51 gold pieces.

Inventory:

Hand Weapons
 g - a +0 dagger (weapon)
Armour
 a - a +0 robe (worn)
Scrolls
 b - 2 scrolls of identify {unknown}
Potions
 c - a potion of flight {unknown}
 d - 2 potions of haste {unknown}
 e - a potion of might {unknown}
 f - a potion of stabbing {unknown}


   Skills:
 + Level 3.3 Dodging
 + Level 3.3 Stealth
 - Level 2.6 Spellcasting
 * Level 2.1 Transmutations
 * Level 3.3 Poison Magic


You had 5 spell levels left.
You knew the following spells:

 Your Spells              Type           Power        Failure   Level
a - Sting                 Tmut/Pois      ##..         6%          1

Your spell library contained the following spells:

 Spells                   Type           Power        Failure   Level
 Poisonous Vapours        Pois/Air       #.....       14%         2
 Ignite Poison            Fire/Tmut/Pois #.......     26%         3
 Mephitic Cloud           Conj/Pois/Air  #.......     36%         3
 Olgreb's Toxic Radiance  Pois           ##......     43%         4


Dungeon Overview and Level Annotations

Branches:
Dungeon (2/15)

Altars:
Ashenzari


Innate Abilities, Weirdness & Mutations

You are very small and have problems with some larger weapons.
You are too small for most types of armour.
You have supernaturally acute eyesight. (SInv)
You cover ground extremely quickly.


Message History

The hobgoblin is moderately wounded.
The goblin shouts!
The goblin wields a +0 hunting sling.
The goblin shoots a stone.
The stone closely misses you. The hobgoblin barely misses you.
You closely miss the hobgoblin.
The hobgoblin is moderately wounded.
The goblin shoots a stone.
The stone barely misses you. The hobgoblin hits you with a +0 club.
You are too injured to fight recklessly!
You are too injured to fight recklessly!
You are too injured to fight recklessly!
You are too injured to fight recklessly!
Casting: Sting (safe; 6% risk of failure)
Confirm with . or Enter, or press ? or * to list all spells.
Aiming: Sting (safe; 6% risk of failure)
Press: ? - help, Shift-Dir - straight line, f - goblin
Aim: a goblin, wielding a +0 hunting sling and quivering 27 stones The sting misses the goblin.
The goblin shoots a stone.
The stone hits you!
Ouch! That really hurt!
You die...

+_#.......$........
###....r.........#
.....r###........#
.....K###.......#
......g##...#...##
...##.s##........#####
.......<.........g....
........#.#......####.
..........#.#...@###
..(.........(g.....#
......###.#.###....#
......# ###.###....#
......
#........#####...
......
#.###............ #.
##........... #.
#<.......... ..
#...........


You could see a hobgoblin and a goblin.

Vanquished Creatures
  An ooze (D:1)
  5 hobgoblins (D:1)
  3 kobolds (D:1)
  A ball python (D:1)
  2 goblins (D:1)
  2 rats (D:1)
14 creatures vanquished.

Notes
Turn   | Place    | Note
-------+----------+-------------------------------------------
     0 | D:1      | MrRokkomies the Spriggan Venom Mage began the quest for the
                  | Orb.
     0 | D:1      | Reached XP level 1. HP: 9/9 MP: 5/5
     6 | D:1      | Noticed a polar bear
     6 | D:1      | Noticed a killer bee
     6 | D:1      | Noticed an iguana
     7 | D:1      | Noticed a salamander
     7 | D:1      | Noticed a wolf
   231 | D:1      | Reached XP level 2. HP: 13/13 MP: 0/6
   336 | D:1      | You fall into a shaft and drop 1 floor!
   342 | D:2      | Found a shattered altar of Ashenzari.
   924 | D:2      | Shot with a stone by a goblin

Illustrated notes

Levels and vault maps discovered:
D:1:      onia_arrival_zoo_common, layout_loops_cross
D:2:      layout_basic, ashenzari_conservatory_becter

Skill      XL: |  1 |
---------------+----+-----
Transmutations | 2 |  2.1
Dodging        | |  3.3
Stealth        | |  3.3
Spellcasting   | |  2.6
Poison Magic   | |  3.3

Action                   || total
-------------------------++-------
Melee: Unarmed           ||     4
       Dagger            ||     5
 Cast: Sting             ||    26
Armor: Robe              ||     3
Dodge: Dodged            ||    13

Table legend:
 A = Non-vault XP
 B = Vault XP
 C = Vault XP percentage of total XP
 D = Non-vault monster count
 E = Vault monster count
 F = Vault count percentage of total count
                 A         B        C        D         E       F
            +---------+---------+-------+---------+---------+-------
      Total |      27 |       0 |   0.0 |      14 |       0 |   0.0
            +---------+---------+-------+---------+---------+-------
        D:1 |      27 |       0 |   0.0 |      14 |       0 |   0.0
            +---------+---------+-------+---------+---------+-------
